Map: [TLMC19] Twilight Imperium

Players

Nice

  • Race: Protoss Protoss
  • Spawn Location: 11:00

BlyOnFire (Bly) - Winner!

  • Race: Zerg Zerg
  • Spawn Location: 1:00

VOD

Have the link to the VOD?

Description

Time

  • Played on: Dec. 19, 2023, 8:54 a.m.
  • Length: 9:28
Show
View Real Time Build Order
Export as new Build Order

Nice Protoss 

Build Orders: 1 Gate Expand, Oracle Opening 

Get SALT Encoding   

  12  0:00  Probe  
  13  0:12  Probe  
  14  0:19  Pylon  
  14  0:24  Probe  
  15  0:37  Probe (Chrono Boost)  
  15  0:38  Gateway  
  16  0:48  Probe (Chrono Boost)  
  16  0:49  Assimilator  
  17  0:53  Probe (Chrono Boost)  
  18  1:04  Probe  
  19  1:16  Probe  
  20  1:24  Nexus  
  20  1:34  Cybernetics Core  
  20  1:41  Assimilator, Probe  
  21  1:50  Pylon  
  21  1:53  Probe  
  22  2:05  Probe  
  23  2:08  Adept (Chrono Boost)  
  25  2:17  Probe (Chrono Boost)  
  26  2:23  Stargate  
  26  2:29  Probe (Chrono Boost)  
  27  2:31  Adept  
  27  2:36  Warp Gate  
  29  2:39  Probe (Chrono Boost)  
  29  2:41  Probe (Chrono Boost)  
  31  2:47  Gateway  
  31  2:49  Probe (Chrono Boost)  
  31  2:50  Probe (Chrono Boost)  
  33  2:56  Probe  
  34  3:10  Probe  
  34  3:12  Void Ray (Chrono Boost)  
  39  3:13  Probe  
  40  3:21  Pylon  
  40  3:23  Probe  
  40  3:25  Probe  
  42  3:35  Probe  
  42  3:37  Probe  
  42  3:39  Oracle (Chrono Boost)  
  43  3:47  Probe  
  47  3:49  Probe  
  48  3:59  Probe  
  48  4:01  Probe  
  49  4:11  Probe  
  49  4:13  Probe  
  49  4:14  Oracle (Chrono Boost)  
  49  4:15  Nexus  
  54  4:18  Pylon  
  54  4:27  Assimilator  
  54  4:29  Assimilator  
  54  4:34  Forge  
  54  4:36  Probe x2  
  56  4:44  Oracle (Chrono Boost), Adept  
  61  4:51  Probe x2  
  61  4:58  Pylon x2  
  58  5:06  Shield Battery  
  58  5:15  Oracle (Chrono Boost)  
  58  5:16  Nexus, Probe x2  
  58  5:18  Pylon  
  58  5:19  Robotics Facility  
  63  5:28  Probe x2  
  65  5:40  Probe  
  65  5:41  Probe  
  65  5:42  Gateway  
  67  5:43  Gateway  
  67  5:45  Gateway, Protoss Ground Weapons Level 1  
  67  5:48  Twilight Council  
  67  5:51  Pylon  
  67  5:53  Probe (Chrono Boost)  
  69  5:57  Probe (Chrono Boost)  
  69  6:01  Adept  
  69  6:02  Probe (Chrono Boost)  
  69  6:03  Shield Battery  
  72  6:06  Probe (Chrono Boost)  
  72  6:07  Probe (Chrono Boost)  
  72  6:11  Observer, Robotics Bay  
  74  6:13  Robotics Facility  
  74  6:16  Probe  
  75  6:19  Probe  
  76  6:28  Probe, Immortal (Chrono Boost)  
  76  6:31  Probe  
  76  6:32  Probe  
  83  6:35  Pylon  
  83  6:36  Pylon  
  83  6:40  Probe  
  83  6:42  Charge, Assimilator  
  83  6:43  Probe  
  83  6:44  Probe  
  83  6:45  Assimilator  
  86  6:48  Pylon  
  86  6:50  Pylon  
  86  6:53  Probe  
  87  6:55  Probe  
  87  6:56  Probe  
  87  6:59  Colossus (Chrono Boost), Immortal (Chrono Boost)  
  86  7:05  Probe  
  86  7:07  Probe  
  99  7:08  Extended Thermal Lance, Probe  
  99  7:14  Photon Cannon  
  99  7:17  Probe  
  100  7:25  Templar Archives  
  100  7:26  Gateway  
  100  7:27  Zealot x2  
  100  7:28  Gateway  
  108  7:41  Colossus (Chrono Boost)  
  108  7:43  Phoenix  
  110  7:49  Photon Cannon  
  110  7:52  Shield Battery, Photon Cannon  
  110  7:55  Photon Cannon  
  110  7:59  Shield Battery  
  116  8:17  Phoenix (Chrono Boost)  
  118  8:23  Fleet Beacon, High Templar  
  118  8:25  Nexus, Pylon  
  118  8:26  Stargate  
  114  8:29  Pylon  
  114  8:30  High Templar  
  114  8:33  Shield Battery  
  116  8:36  Photon Cannon  
  116  8:38  Phoenix (Chrono Boost)  
  118  8:41  Stalker  
  118  8:42  Shield Battery, Stalker  
  118  8:43  Photon Cannon  
  118  8:45  Stalker  
  119  8:58  Pylon  
  119  9:00  Stalker  
  114  9:05  Archon  
  114  9:06  Pylon  
  114  9:09  Stalker x4  
Show
View Real Time Build Order
Export as new Build Order

BlyOnFire Zerg - Winner!

Build Orders: Hatch First 

Get SALT Encoding   

  12  0:00  Drone  
  13  0:13  Overlord  
  13  0:17  Drone  
  14  0:31  Drone x2  
  16  0:48  Hatchery  
  15  0:55  Drone  
  15  0:56  Drone  
  17  0:59  Drone  
  18  1:14  Extractor  
  18  1:15  Spawning Pool  
  18  1:18  Drone  
  17  1:20  Drone  
  18  1:29  Drone  
  19  1:39  Drone  
  20  1:51  Overlord  
  20  2:01  Drone  
  21  2:03  Queen  
  21  2:05  Queen  
  26  2:08  Zergling x2  
  26  2:16  Zergling x2  
  26  2:17  Metabolic Boost  
  26  2:21  Zergling x2  
  28  2:32  Drone  
  28  2:34  Drone x3  
  32  2:43  Hatchery  
  31  2:46  Queen  
  33  2:52  Overlord  
  33  3:05  Overlord  
  32  3:15  Drone x2  
  32  3:16  Overlord  
  34  3:27  Drone x8  
  41  3:31  Queen  
  41  3:32  Queen  
  46  3:37  Overlord  
  46  3:40  Overlord  
  46  3:45  Overlord  
  46  3:55  Overlord  
  46  3:59  Zergling x8  
  50  4:03  Spore Crawler  
  50  4:04  Spore Crawler  
  50  4:06  Roach Warren  
  50  4:09  Zergling x2  
  47  4:10  Zergling x8  
  50  4:25  Drone x6  
  50  4:26  Extractor  
  50  4:27  Extractor  
  54  4:33  Overlord  
  54  4:46  Overlord  
  54  4:48  Overlord  
  54  4:49  Overlord  
  52  4:53  Overlord  
  52  4:54  Lair  
  52  4:58  Drone x9  
  58  5:16  Spore Crawler, Drone x4  
  61  5:23  Overlord  
  57  5:33  Drone x8  
  62  5:49  Drone  
  67  5:50  Drone x7  
  67  5:54  Glial Reconstitution, Extractor x2  
  68  6:00  Hatchery  
  66  6:06  Overlord  
  65  6:12  Drone x3  
  65  6:13  Drone x3  
  65  6:16  Overlord x3  
  65  6:17  Queen x2  
  71  6:20  Drone x3  
  70  6:28  Drone  
  71  6:37  Spire  
  71  6:39  Extractor  
  70  6:47  Zergling x16  
  76  6:54  Hatchery  
  68  7:03  Drone x3  
  68  7:04  Drone x7  
  78  7:17  Drone x7  
  85  7:26  Spore Crawler  
  81  7:37  Overlord  
  81  7:48  Extractor  
  81  7:49  Extractor  
  81  7:50  Mutalisk x5  
  81  7:51  Mutalisk x9  
  107  8:09  Drone x3, Mutalisk  
  107  8:10  Mutalisk  
  107  8:11  Drone x3  
  107  8:12  Drone x3  
  118  8:26  Mutalisk x2  
  122  8:29  Zergling x32  
  136  8:51  Mutalisk x5  
  146  9:03  Mutalisk  
  146  9:04  Mutalisk  
  146  9:06  Zergling x26  
  146  9:07  Zergling x4  
Tags
 
Add a new tag
Caveats
  • Supply blocks, unpowered buildings, or Contaminate may cause inaccurate times.
  • Supply counts are checked every 10 seconds.